 Dungeon Crawl Stone Soup version 0.31-a0-740-g87205ac768 (webtiles) character file.

Game seed: 10870324270803607779

67 cforsyth the Trooper (level 4, -10/37 HPs)
             Began as a Djinni Chaos Knight on Sept 12, 2023.
             Was a Plaything of Xom.
             Mangled by Terence
             ... wielding a +0 hand axe
              (11 damage)
             ... on level 2 of the Dungeon.
             The game lasted 00:02:08 (1472 turns).

cforsyth the Trooper (Djinni Chaos Knight)          Turns: 1472, Time: 00:02:08

Health: -10/37     AC:  5    Str: 11    XL:     4   Next: 38%
Gold:   93         EV: 11    Int: 15    God:    Xom [....*.] SH:  0 Dex: 13

rFire   + + .        a - +0 falchion (chaos)
rCold   x . .        (no shield)
rNeg    . . .        b - +2 leather armour
rPois   ∞            (no helmet)
rElec   .            (no cloak)
rCorr   .            (no gloves)
SInv    .            (boots unavailable)
Will    .....        j - amulet of faith
Stlth   +            (no ring)
HPRegen 0.26/turn    (no ring)
MPRegen 0.00/turn

%: faith, infuse magic (-11 HP)
@: flying
A: sickness immunity, fire resistance 2, cold vulnerability 1, float, innate
caster, HP casting, extra vitality 1
a: Renounce Religion


You were on level 2 of the Dungeon.
You worshipped Xom.
You were a beloved toy of Xom.
You visited 1 branch of the dungeon, and saw 2 of its levels.

You collected 93 gold pieces.

Inventory:

Hand Weapons
 a - a +0 falchion of chaos (weapon)
Armour
 b - a +2 leather armour (worn)
Jewellery
 j - an amulet of faith (around neck)
 l - a +6 ring of dexterity
Scrolls
 c - a scroll of butterflies
 f - a scroll of revelation {unknown}
 g - a scroll of identify {unknown}
 h - 2 scrolls of fear {unknown}
 i - a scroll of amnesia {unknown}
Potions
 d - a potion of berserk rage {unknown}
 e - 2 potions of enlightenment {unknown}
 k - a potion of brilliance {unknown}


   Skills:
 + Level 4.0 Fighting
 - Level 2.6 Long Blades
 - Level 1.0 Armour
 - Level 2.1 Dodging
 + Level 1.7 Spellcasting
 + Level 1.7 Conjurations
 + Level 1.7 Hexes
   Level 0.0 Charms
 + Level 1.7 Summonings
 + Level 1.7 Necromancy
 + Level 1.7 Translocations
 + Level 1.7 Transmutations
 + Level 1.7 Fire Magic
 + Level 1.7 Ice Magic
 + Level 1.7 Air Magic
 + Level 1.7 Earth Magic
 + Level 1.7 Poison Magic


You knew the following spells:

 Your Spells              Type           Power      Damage    Failure   Level
a - Apportation           Tloc           12%        N/A       16%         1
Your spell library was empty.

Dungeon Overview and Level Annotations

Branches:
Dungeon (2/15)

Altars:
Xom
Zin

Annotations:
D:2 Terence


Innate Abilities, Weirdness & Mutations

You are immune to sickness and miasma.
You are immune to poison.
Your flesh is very heat resistant. (rF++)
You are vulnerable to cold. (rC-)
You float through the air rather than walking.
You learn spells naturally, not from books.
Your magical power is your life essence.
You have superior vitality. (+4 MHP)


Message History

You are too injured to fight recklessly!
You are too injured to fight recklessly!
You are too injured to fight recklessly!
You are too injured to fight recklessly!
You are too injured to fight recklessly!
You hit Terence but do no damage.
Terence is heavily wounded.
Terence closely misses you.
You completely miss Terence.
Terence is heavily wounded.
Terence barely misses you.
You barely miss Terence.
Terence is heavily wounded.
Terence misses you. x2
You barely miss Terence.
Terence is heavily wounded.
Terence closely misses you.
You barely miss Terence.
Terence is heavily wounded.
A goblin comes into view. It is wielding a +0 dagger.
Terence completely misses you.
You closely miss Terence.
Terence is heavily wounded.
Terence hits you but does no damage.
You barely miss Terence.
Terence is heavily wounded.
Terence hits you with a +0 hand axe!
* * * LOW HITPOINT WARNING * * *
A shower of butterflies erupts from you!
You hit Terence but do no damage.
Terence is poisoned.
Terence is heavily wounded.
Xom's power touches on a nearby monster.
The goblin seems to slow down.
The goblin is no longer moving slowly.
Terence hits you with a +0 hand axe!
* * * LOW HITPOINT WARNING * * *
You barely miss Terence.
Terence is severely wounded.
Terence hits you with a +0 hand axe!
You die...
Xom chuckles heartily! #.. #.# ##.## ##...## ..g.. gKg

#@# ######
#@# #.....
#b# ######
#b# #.#
#.#########
##
#.........#
#.
#########.#
#.
#.#.#####.
#.#.......


You could see Terence (strong, poisoned, ally target), 3 goblins and a kobold.

Vanquished Creatures
  2 adders (D:2)
  A dart slug (D:1)
  3 ball pythons
  3 bats (D:1)
  An endoplasm (D:2)
  2 giant cockroaches (D:1)
  6 goblins (D:1)
  6 hobgoblins (D:1)
  A quokka (D:1)
  7 frilled lizards
  11 kobolds
  4 rats
47 creatures vanquished.

Notes
Turn   | Place    | Note
-------+----------+-------------------------------------------
     0 | D:1      | cforsyth the Djinni Chaos Knight began the quest for the
                  | Orb.
     0 | D:1      | Reached XP level 1. HP: 20/20 MP: 0/0
    84 | D:1      | Reached XP level 2. HP: 25/25 MP: 0/0
   171 | D:1      | Reached skill level 1 in Spellcasting
   171 | D:1      | Reached skill level 1 in Conjurations
   171 | D:1      | Reached skill level 1 in Hexes
   171 | D:1      | Reached skill level 1 in Summonings
   171 | D:1      | Reached skill level 1 in Necromancy
   171 | D:1      | Reached skill level 1 in Translocations
   171 | D:1      | Reached skill level 1 in Transmutations
   171 | D:1      | Reached skill level 1 in Fire Magic
   171 | D:1      | Reached skill level 1 in Ice Magic
   171 | D:1      | Reached skill level 1 in Air Magic
   171 | D:1      | Reached skill level 1 in Earth Magic
   171 | D:1      | Reached skill level 1 in Poison Magic
   401 | D:1      | Reached XP level 3. HP: 30/30 MP: 0/0
   401 | D:1      | Learned a level 1 spell: Apportation
   588 | D:1      | XOM: silly message
   701 | D:1      | XOM: silly message
   842 | D:1      | XOM: scenery: create altars
   892 | D:1      | XOM: scenery: create altars
   911 | D:2      | XOM: stealth player
   927 | D:2      | XOM: god gift: brass ring {god gift}
  1011 | D:2      | XOM: butterfly on damage
  1019 | D:2      | Reached XP level 4. HP: 17/37 MP: 0/0
  1147 | D:2      | XOM: cloud trail
  1192 | D:2      | Found a glowing silver altar of Zin.
  1282 | D:2      | Reached skill level 4 in Fighting
  1339 | D:2      | XOM: god gift: silver javelin
  1452 | D:2      | Noticed Terence
  1470 | D:2      | XOM: butterfly on damage
  1471 | D:2      | XOM: enchant monster (good)
  1471 | D:2      | HP: 1/37 [Terence/+0 hand axe (10)]
  1472 | D:2      | Mangled by Terence

Illustrated notes

Levels and vault maps discovered:
D:1:      scummos_arrival_checkerplants, layout_loops_cross
D:2:      kennysheep_the_goblin_king, layout_loops_ring, basic_altar,
          lexackson_kobold_supper, uniq_terence

Skill      XL: |  1  2  3  4 |
---------------+-------------+-----
Spellcasting   | 1 |  1.7
Conjurations   | 1 |  1.7
Hexes          | 1 |  1.7
Summonings     | 1 |  1.7
Necromancy     | 1 |  1.7
Translocations | 1 |  1.7
Transmutations | 1 |  1.7
Fire Magic     | 1 |  1.7
Ice Magic      | 1 |  1.7
Air Magic      | 1 |  1.7
Earth Magic    | 1 |  1.7
Poison Magic   | 1 |  1.7
Fighting       | 4 |  4.0
Long Blades    | |  2.6
Armour         | |  1.0
Dodging        | |  2.1

Action                     |  1- 3 |  4- 6 || total
---------------------------+-------+-------++-------
  Melee: Falchion          |   134 |    51 ||   185
         Punch             |     2 |       ||     2
   Stab: Sleeping          |     1 |       ||     1
 Armour: Leather armour    |   112 |    32 ||   144
  Dodge: Dodged            |    86 |    31 ||   117

Table legend: (Time is in decaauts)
 A = Elapsed time spent in this place.
 B = Non-inter-level travel time spent in this place.
 C = Inter-level travel time spent in this place.
 D = Time resting spent in this place.
 E = Time spent auto-exploring this place.
 F = Levels seen in this place.
 G = Mean time per level.
                   A        B        C        D        E       F      G
               +--------+--------+--------+--------+--------+-----+--------+
         Total |   1502 |   1485 |     17 |      0 |   1115 |   2 |  751.0 |
       Dungeon |   1502 |   1485 |     17 |      0 |   1115 |   2 |  751.0 |
               +--------+--------+--------+--------+--------+-----+--------+

Top non-repeatable levels by time:
     D:1: 928 daAuts
     D:2: 573 daAuts
